 Dungeon Crawl Stone Soup version 0.16.2-12-gd0ad4c3 (webtiles) character file.

60 gorblad the Skirmisher (level 4, 0/40 HPs)
             Began as a Hill Orc Fighter on Sept 24, 2015.
             Slain by a goblin
             ... wielding a +0 dagger
             ... led by Robin
              (1 damage)
             ... on level 3 of the Dungeon.
             The game lasted 00:04:40 (1906 turns).

gorblad the Skirmisher (Hill Orc Fighter)           Turns: 1906, Time: 00:04:43

Health: 0/40       AC:  7    Str: 19    XL:     4   Next: 6%
Magic:  4/4        EV:  7    Int:  8    God:
Gold:   196        SH:  9    Dex: 10    Spells: 0 memorised, 3 levels left

rFire  . . .     SeeInvis .     a - +0 flail
rCold  . . .     Clarity  .     b - +0 scale mail
rNeg   . . .     SustAb   .     c - +0 shield
rPois  .         Gourm    .     (no helmet)
rElec  .         Spirit   .     (no cloak)
rCorr  .         Warding  .     (no gloves)
rMut   .         Stasis   .     (no boots)
MR     .....                    g - amulet of inaccuracy (curse)
Stlth  ..........               (no ring)
                                (no ring)

@: not resistant to hostile enchantments, extremely unstealthy
A: no striking features
a: no special abilities


You were on level 3 of the Dungeon.
You were not hungry.

You visited 1 branch of the dungeon, and saw 3 of its levels.

You collected 196 gold pieces.

Inventory:

Hand weapons
 a - a +0 flail (weapon)
Armour
 b - a +0 scale mail (worn)
 c - a +0 shield (worn)
Jewellery
 g - a cursed amulet of inaccuracy (around neck)
Scrolls
 d - a scroll of immolation {unknown}
 h - 3 scrolls of identify {unknown}
 j - a scroll of amnesia {unknown}
 l - a scroll of remove curse {unknown}
 n - a scroll of recharging {unknown}
Potions
 e - 2 potions of might
 k - a potion of degeneration {unknown}
 m - a potion of cancellation {unknown}
Comestibles
 i - a bread ration


   Skills:
 + Level 4.1 Fighting
 + Level 2.6 Maces & Flails
 + Level 4.0 Armour
 + Level 1.0 Dodging
 + Level 0.1 Stealth
 + Level 3.5 Shields


You had 3 spell levels left.
You didn't know any spells.

Dungeon Overview and Level Annotations

Branches:
Dungeon (3/15)

Altars:

Annotations:
D:3 Robin; Typee's ghost, weakling DEWz


Message History

You open the door. Robin throws the goblin at you!
* * * LOW HITPOINT WARNING * * *
The goblin hits you but does no damage. You block the goblin's attack.
The goblin hits you but does no damage.
Oops, that amulet feels deathly cold.
g - a cursed amulet of inaccuracy (around neck)
You block the hobgoblin's attack.
You spend a moment contemplating the meaning of life.
It was a potion of curing.
You feel better. The goblin hits you with a dagger.
* * * LOW HITPOINT WARNING * * *
The goblin hits you but does no damage. The goblin hits you.
* * * LOW HITPOINT WARNING * * *
You block Robin's attack.
You completely miss the goblin. The hobgoblin hits you with a club.
* * * LOW HITPOINT WARNING * * *
The goblin hits you but does no damage. You block the goblin's attack.
You block the goblin's attack. Robin throws the goblin at you!
* * * LOW HITPOINT WARNING * * *
The goblin hits you with a dagger.
You die...

#...#.#####
#.........#
#..)#)###.# #..)..#
#.# #(..###.#.#
#.......#.#
#...#####.# #.g.#
#.# #@g.# #.#
############...ggg.#
#.#
...............#...#
...
...............#...#
.............. #...#
'############# #...#
......... ....#
......... ....#
......... ...


You could see Robin, a hobgoblin (frenzied) and 3 goblins.

Vanquished Creatures
  An adder (D:2)
  A giant mite (D:2)
  A giant gecko (D:3)
  An ooze (D:2)
  2 ball pythons
  2 hobgoblins (D:2)
  3 kobolds
  A quokka (D:2)
  5 bats
  2 giant cockroaches
  5 giant newts
  6 goblins (D:3)
  7 jackals (D:2)
  3 rats
40 creatures vanquished.

Notes
Turn   | Place    | Note
--------------------------------------------------------------
     0 | D:1      | gorblad, the Hill Orc Fighter, began the quest for the Orb.
     0 | D:1      | Reached XP level 1. HP: 19/19 MP: 1/1
   714 | D:2      | Reached XP level 2. HP: 18/27 MP: 2/2
   855 | D:2      | Reached skill level 4 in Fighting
   908 | D:2      | Reached XP level 3. HP: 18/33 MP: 3/3
  1737 | D:2      | Reached skill level 1 in Dodging
  1832 | D:3      | Noticed Typee's ghost (weakling DEWz)
  1881 | D:3      | Noticed Robin
  1886 | D:3      | Reached XP level 4. HP: 20/40 MP: 4/4
  1902 | D:3      | HP: 2/40 [goblin[Robin] (4)]
  1906 | D:3      | Slain by a goblin

Action                   |  1- 3 |  4- 6 || total
-------------------------+-------+-------++-------
Melee: Flail             |   125 |    12 ||   137
  Use: Potion            |       |     1 ||     1
  Eat: Meat ration       |     1 |       ||     1
       Beef jerky        |     1 |       ||     1
